Senators vs Sasquatch (R1)

Created - February 15, 2020 at 19:13

Goals
1 2 3 T
Senators 0 4 4 8
Sasquatch 0 2 0 2
Shots
1 2 3 T
Senators 2 11 18 31
Sasquatch 4 15 5 24

1st period

No Goal

Penalties :
Matt Frattin (BIN) for Holding Stick (Minor) at 4:36, Boone Jenner (Gat) for Spearing (Major / Game Misconduct) at 10:44

2nd period

1. Senators , Chandler Stephenson 9 (Tomas Jurco 16, Keegan Lowe 20) at 0:37
2. Senators , Nick Foligno 35 (Matt Frattin 39) at 5:08 (PP)
3. Senators , Keegan Lowe 3 (Jan Mursak 15) at 6:42 (PP)
4. Sasquatch , Jujhar Khaira 26 (Devin Shore 42, Matt Halischuk 41) at 9:40
5. Sasquatch , Ryan Dzingel 23 (Petr Straka 28) at 12:10
6. Senators , Nick Foligno 36 (Matt Frattin 40) at 17:12

Penalties :
Devin Shore (Gat) for Roughing (Minor) at 3:40, Teemu Hartikainen (Gat) for Tripping (Minor) at 6:05, Matt Halischuk (Gat) for Holding (Minor) at 6:50, Jan Mursak (BIN) for Holding Stick (Minor) at 13:41

3rd period

7. Senators , Tomas Jurco 16 (Jan Mursak 16) at 4:08 (PP)
8. Senators , Tomas Jurco 17 (Jan Mursak 17, Keegan Lowe 21) at 6:22 (PP)
9. Senators , Tomas Jurco 18 (Jan Mursak 18, Chandler Stephenson 23) at 6:36
10. Senators , Jack Dougherty 2 (Jan Mursak 19, Tomas Jurco 17) at 16:17 (PP)

Penalties :
Hudson Fasching (Gat) for Hooking (Minor) at 2:55, Corey Crawford (Gat) for Slashing (Minor) at 4:23 - Devin Shore served the penalty, Matt Halischuk (Gat) for Hooking (Minor) at 6:52, Matt Halischuk (Gat) for Interference (Minor) at 11:52, Brock Trotter (Gat) for Cross-checking (Minor) at 15:23, Brett Kulak (Gat) for Holding (Minor) at 19:46

Goalie Stats

Justin Peters (BIN), 22 saves from 24 shots - (0.917), W, 19-13-2, 60:00 minutes
Joonas Korpisalo (Gat), 9 saves from 13 shots - (0.692), L, 22-12-3, 37:12 minutes
Corey Crawford (Gat), 14 saves from 18 shots - (0.778), 22:48 minutes

Players Stats for Senators

Player Name              G  A  P  +/- PIM S  H  SB GA TA FO     MP     PP MP  PK MP  
------------------------------------------------------------------------------------
Adam Ollas-Mattsson      0  0  0   0  0   0  0  0  0  0  0/0     9:42   0:27   0:08 
Andy Andreoff            0  0  0   0  0   0  2  0  0  0  0/0    11:00   0:15   1:48 
Blake Coleman            0  0  0   0  0   0  0  0  0  1  2/4     7:02   0:28   0:00 
Brett Bulmer             0  0  0   0  0   1  1  0  1  0  0/0     6:54   0:20   0:00 
Chandler Stephenson      1  1  2   1  0   3  1  1  0  0  6/11   17:00   6:36   0:12 
Dylan Blujus             0  0  0   1  0   4  2  2  0  0  0/0    28:06   9:14   2:09 
Grant Besse              0  0  0   0  0   1  0  1  0  0  0/0    10:01   1:08   0:00 
Jack Dougherty           1  0  1   0  0   4  3  1  0  1  0/0    21:18   7:19   1:41 
Jake Evans               0  0  0   0  0   1  1  0  1  0  1/6     8:30   0:00   0:00 
Jan Mursak               0  5  5   1  2   0  4  1  0  0  0/0    17:58   6:43   0:58 
Keegan Lowe              1  2  3   1  0   3  1  4  0  1  0/0    28:24   9:22   2:17 
Mason Geertsen           0  0  0   0  0   0  1  1  1  0  0/0     9:43   0:47   0:00 
Matt Frattin             0  2  2   0  2   1  0  0  0  0  0/1    22:16   9:16   0:00 
Maxim Letunov            0  0  0   0  0   0  0  0  0  0  0/0     1:33   1:10   0:00 
Nick Foligno             2  0  2   0  0   7  3  1  0  0  1/3    24:04   9:13   1:54 
Patrick Maroon           0  0  0   0  0   0  0  0  0  1  0/0     8:19   0:00   1:41 
Scott Harrington         0  0  0   0  0   0  2  2  0  0  0/0    21:21   7:31   1:41 
Tomas Jurco              3  2  5   1  0   5  2  1  1  0  0/0    16:48   6:36   0:00 
Warren Foegele           0  0  0   0  0   0  0  0  0  0  0/0     2:13   1:09   0:08 
Zemgus Girgensons        0  0  0   0  0   1  5  1  0  1  17/42  23:48   9:06   1:15 

Players Stats for Sasquatch

Player Name              G  A  P  +/- PIM S  H  SB GA TA FO     MP     PP MP  PK MP  
------------------------------------------------------------------------------------
Boone Jenner             0  0  0   0  15  0  0  1  0  0  0/1     3:00   0:55   0:00 
Brett Kulak              0  0  0   1  2   1  1  1  0  0  0/0    15:27   0:00   7:01 
Brett Pesce              0  0  0   0  0   0  0  1  0  0  0/0    16:34   2:00   1:27 
Brock Trotter            0  0  0   0  2   2  1  0  0  0  1/2    10:32   0:13   2:00 
Devin Shore              0  1  1  -1  2   2  5  1  0  0  17/32  20:06   2:06   0:41 
Dmitri Orlov             0  0  0   1  0   2  0  0  0  0  0/0    10:44   2:00   0:56 
Hudson Fasching          0  0  0   0  2   0  0  0  1  0  0/0     9:48   0:00   0:00 
Ian Cole                 0  0  0  -2  0   1  2  3  0  0  0/0    24:48   1:58   6:49 
Jerry D'Amigo            0  0  0   0  0   1  0  0  0  0  0/1    13:49   0:13   5:35 
Jujhar Khaira            1  0  1  -1  0   3  1  1  1  0  0/1    20:42   1:48   9:12 
Martin Marincin          0  0  0   0  0   0  1  2  0  0  0/0    23:46   0:00   9:12 
Matt Halischuk           0  1  1  -1  6   0  1  2  1  0  0/0    11:56   1:57   0:00 
Patrick Wey              0  0  0  -2  0   0  1  2  0  0  0/0    28:40   1:58   9:15 
Petr Straka              0  1  1   0  0   4  1  0  1  1  0/0    15:53   1:48   2:47 
Quinton Howden           0  0  0   0  0   2  0  0  0  1  15/21  20:22   0:57   9:03 
Ryan Dzingel             1  0  1   0  0   2  0  1  0  0  3/3    13:06   1:57   0:00 
T.J. Tynan               0  0  0   0  0   1  0  0  0  1  3/5     8:08   0:00   0:00 
Teemu Hartikainen        0  0  0   0  2   3  1  0  1  1  1/1    15:10   0:00   5:22 

3 Stars

1 - Tomas Jurco (BIN)
2 - Jan Mursak (BIN)
3 - Keegan Lowe (BIN)

Power Play

Senators - 5 on 10 Attempt(s) - 50.00%
Sasquatch - 0 on 2 Attempt(s) - 0.00%

Penalty Kill

Senators - 2 on 2 Attempt(s) - 100.00% - Score 0 goal in Penalty Kill
Sasquatch - 5 on 10 Attempt(s) - 50.00% - Score 0 goal in Penalty Kill

Team Stat

Senators - Hits : 28 - Faceoff Wins : 27 - Blocked Shots : 16 - Penalty Minutes : 4
Sasquatch - Hits : 15 - Faceoff Wins : 40 - Blocked Shots : 15 - Penalty Minutes : 33

Official

Referees : Unknown
Linesman : Unknown

Game Notes

Boone Jenner ejected from game at 10:44 of 1st period
Corey Crawford enters game at 17:12 of 2nd period
Tomas Jurco has scored a Hat Trick!
16:17 of 3rd period - Senators goal is going for a video replay. After video review, Goal.

Finance

Level 1 -- Attendance: 1436 (71.80%) -- Ticket Income $57,440
Level 2 -- Attendance: 635 (63.50%) -- Ticket Income $12,700
Total Attendance: 2071 (69.03%)
Total Ticket Income: $70,140
Other Income: $3,507
Total Income: $73,647

Senators

5 vs 5 Forward 
   Center                   Left Wing                Right Wing               Time % Phy DF OF 
 1 Zemgus Girgensons        Nick Foligno             Matt Frattin             40     1   2  2  
 2 Chandler Stephenson      Jan Mursak               Tomas Jurco              30     1   2  2  
 3 Jake Evans               Andy Andreoff            Grant Besse              20     1   2  2  
 4 Blake Coleman            Patrick Maroon           Brett Bulmer             10     1   2  2  

5 vs 5 Defense 
   Defense                  Defense                                           Time % Phy DF OF 
 1 Keegan Lowe              Dylan Blujus                                      40     1   2  2  
 2 Scott Harrington         Jack Dougherty                                    30     1   2  2  
 3 Mason Geertsen           Adam Ollas-Mattsson                               20     1   2  2  
 4 Keegan Lowe              Dylan Blujus                                      10     1   2  2  

PowerPlay Forward 
   Center                   Left Wing                Right Wing               Time % Phy DF OF 
 1 Zemgus Girgensons        Nick Foligno             Matt Frattin             60     1   2  2  
 2 Chandler Stephenson      Jan Mursak               Tomas Jurco              40     1   2  2  

PowerPlay Defense
   Defense                  Defense                                           Time % Phy DF OF 
 1 Keegan Lowe              Dylan Blujus                                      60     1   2  2  
 2 Scott Harrington         Jack Dougherty                                    40     1   2  2  

Penalty Kill 4 Players Forward 
   Center                   Wing                     Time % Phy DF OF 
 1 Nick Foligno             Jan Mursak               60     1   2  2  
 2 Matt Frattin             Andy Andreoff            40     1   2  2  

Penalty Kill 4 Players Defense
   Defense                  Defense                  Time % Phy DF OF 
 1 Keegan Lowe              Dylan Blujus             60     1   2  2  
 2 Scott Harrington         Jack Dougherty           40     1   2  2  

Penalty Kill - 3 Players Forward 
   Forward                                           Time % Phy DF OF 
 1 Nick Foligno                                      60     1   2  2  
 2 Jan Mursak                                        40     1   2  2  

Penalty Kill - 3 Players Defense
   Defense                  Defense                  Time % Phy DF OF 
 1 Keegan Lowe              Dylan Blujus             60     1   2  2  
 2 Scott Harrington         Jack Dougherty           40     1   2  2  

4 vs 4 Forward 
   Center                   Wing                     Time % Phy DF OF 
 1 Nick Foligno             Jan Mursak               60     1   2  2  
 2 Matt Frattin             Andy Andreoff            40     1   2  2  

4 vs 4 Defense
   Defense                  Defense                  Time % Phy DF OF 
 1 Keegan Lowe              Dylan Blujus             60     1   2  2  
 2 Scott Harrington         Jack Dougherty           40     1   2  2  

Last Minutes Offensive
   Center                   Left Wing                Right Wing               Defense                  Defense                  
   Zemgus Girgensons        Nick Foligno             Matt Frattin             Keegan Lowe              Dylan Blujus             

Last Minutes Defensive
   Center                   Left Wing                Right Wing               Defense                  Defense                  
   Zemgus Girgensons        Nick Foligno             Matt Frattin             Keegan Lowe              Dylan Blujus             

Goaltenders
Starting : Justin Peters            
Backup : Stephon Williams         

Extra Forwards
Normal : Warren Foegele, Maxim Letunov, Patrick Maroon - PP : Warren Foegele, Maxim Letunov - PK : Patrick Maroon
Extra Defensemen
Normal : Mason Geertsen, Adam Ollas-Mattsson, Scott Harrington - PP : Mason Geertsen - PK : Adam Ollas-Mattsson, Scott Harrington
Penalty Shots
Nick Foligno, Jan Mursak, Matt Frattin, Andy Andreoff, Tomas Jurco

Scratches
Michal Repik (Torn Right ACL Injury), Pontus Sjalin (Broken Right Foot Toe Injury), Keven Bouchard (Healthy)

Sasquatch

5 vs 5 Forward 
   Center                   Left Wing                Right Wing               Time % Phy DF OF 
 1 Devin Shore              Jujhar Khaira            Matt Halischuk           40     1   2  2  
 2 Boone Jenner             Ryan Dzingel             Petr Straka              30     1   2  2  
 3 Quinton Howden           Teemu Hartikainen        Hudson Fasching          20     1   2  2  
 4 T.J. Tynan               Brock Trotter            Jerry D'Amigo            10     1   2  2  

5 vs 5 Defense 
   Defense                  Defense                                           Time % Phy DF OF 
 1 Ian Cole                 Patrick Wey                                       40     1   2  2  
 2 Brett Pesce              Martin Marincin                                   30     1   2  2  
 3 Dmitri Orlov             Brett Kulak                                       20     1   2  2  
 4 Martin Marincin          Patrick Wey                                       10     1   2  2  

PowerPlay Forward 
   Center                   Left Wing                Right Wing               Time % Phy DF OF 
 1 Devin Shore              Ryan Dzingel             Matt Halischuk           60     1   2  2  
 2 Boone Jenner             Jujhar Khaira            Petr Straka              40     1   2  2  

PowerPlay Defense
   Defense                  Defense                                           Time % Phy DF OF 
 1 Ian Cole                 Patrick Wey                                       60     1   2  2  
 2 Dmitri Orlov             Brett Pesce                                       40     1   2  2  

Penalty Kill 4 Players Forward 
   Center                   Wing                     Time % Phy DF OF 
 1 Quinton Howden           Jujhar Khaira            60     1   2  2  
 2 Jerry D'Amigo            Teemu Hartikainen        40     1   2  2  

Penalty Kill 4 Players Defense
   Defense                  Defense                  Time % Phy DF OF 
 1 Patrick Wey              Martin Marincin          60     1   2  2  
 2 Brett Kulak              Ian Cole                 40     1   2  2  

Penalty Kill - 3 Players Forward 
   Forward                                           Time % Phy DF OF 
 1 Brock Trotter                                     60     1   2  2  
 2 Quinton Howden                                    40     1   2  2  

Penalty Kill - 3 Players Defense
   Defense                  Defense                  Time % Phy DF OF 
 1 Ian Cole                 Martin Marincin          60     1   2  2  
 2 Patrick Wey              Brett Kulak              40     1   2  2  

4 vs 4 Forward 
   Center                   Wing                     Time % Phy DF OF 
 1 Quinton Howden           Matt Halischuk           60     1   2  2  
 2 Boone Jenner             Jujhar Khaira            40     1   2  2  

4 vs 4 Defense
   Defense                  Defense                  Time % Phy DF OF 
 1 Ian Cole                 Martin Marincin          60     1   2  2  
 2 Patrick Wey              Brett Pesce              40     1   2  2  

Last Minutes Offensive
   Center                   Left Wing                Right Wing               Defense                  Defense                  
   Devin Shore              Jujhar Khaira            Matt Halischuk           Ian Cole                 Dmitri Orlov             

Last Minutes Defensive
   Center                   Left Wing                Right Wing               Defense                  Defense                  
   Quinton Howden           Teemu Hartikainen        Matt Halischuk           Martin Marincin          Patrick Wey              

Goaltenders
Starting : Joonas Korpisalo         
Backup : Corey Crawford           

Extra Forwards
Normal : Ryan Dzingel, Devin Shore, Petr Straka - PP : Boone Jenner, Quinton Howden - PK : Petr Straka
Extra Defensemen
Normal : Dmitri Orlov, Brett Pesce, Brett Kulak - PP : Brett Pesce - PK : Brett Pesce, Dmitri Orlov
Penalty Shots
Devin Shore, Matt Halischuk, Petr Straka, Brock Trotter, Ryan Dzingel

Scratches
Nikita Nesterov (Healthy), Anton Blidh (Healthy), Christoffer Ehn (Healthy), Dylan Sikura (Healthy), Alex Lintuniemi (Healthy)
Cal Petersen (Healthy)

% Time on Ice - Senators

Lines # - Real PCT - Wanted PCT - Time Play
Normal Forward
1 - 35% - 40% - 13:22
2 - 27% - 30% - 10:16
3 - 22% - 20% - 8:30
4 - 17% - 10% - 6:34
Normal Defense
1 - 46% - 40% - 17:46
2 - 32% - 30% - 12:16
3 - 20% - 20% - 7:36
4 - 3% - 10% - 1:04
PP Forward
1 - 60% - 60% - 10:29
2 - 40% - 40% - 6:51
PP Defense
1 - 57% - 60% - 9:49
2 - 43% - 40% - 7:31
PK Forward
1 - 85% - 60% - 3:22
2 - 15% - 40% - 0:36
PK Defense
1 - 58% - 60% - 2:17
2 - 42% - 40% - 1:41
PK3 Forward
1 - 0% - 60%
2 - 0% - 40%
PK3 Defense
1 - 0% - 60%
2 - 0% - 40%
44 Forward
1 - 0% - 60%
2 - 0% - 40%
44 Defense
1 - 0% - 60%
2 - 0% - 40%
Last Minute Offensive  - 0:00
Last Minute Defensive  - 0:00
Total
Forward - 60:00
Defense - 60:00

% Time on Ice - Sasquatch

Lines # - Real PCT - Wanted PCT - Time Play
Normal Forward
1 - 26% - 40% - 10:07
2 - 28% - 30% - 10:51
3 - 25% - 20% - 9:49
4 - 20% - 10% - 7:55
Normal Defense
1 - 43% - 40% - 16:46
2 - 34% - 30% - 13:06
3 - 20% - 20% - 7:47
4 - 3% - 10% - 1:03
PP Forward
1 - 49% - 60% - 1:57
2 - 51% - 40% - 2:01
PP Defense
1 - 50% - 60% - 1:58
2 - 50% - 40% - 2:00
PK Forward
1 - 68% - 60% - 11:45
2 - 32% - 40% - 5:35
PK Defense
1 - 60% - 60% - 10:19
2 - 40% - 40% - 7:01
PK3 Forward
1 - 0% - 60%
2 - 0% - 40%
PK3 Defense
1 - 0% - 60%
2 - 0% - 40%
44 Forward
1 - 0% - 60%
2 - 0% - 40%
44 Defense
1 - 0% - 60%
2 - 0% - 40%
Last Minute Offensive  - 0:00
Last Minute Defensive  - 0:00
Total
Forward - 60:00
Defense - 60:00

Play-by-Play

1st period


0:01 of 1st period - Devin Shore wins face-off versus Zemgus Girgensons in neutral zone.
0:48 of 1st period - Off-side.
0:49 of 1st period - Jake Evans wins face-off versus Brock Trotter in neutral zone.
0:52 of 1st period - Brett Pesce is hit by Andy Andreoff and loses puck.
1:23 of 1st period - Wrist shot by Brock Trotter.
1:23 of 1st period - Stopped by Justin Peters with a rebound.
2:05 of 1st period - Wrist shot by Jerry D'Amigo.
2:05 of 1st period - Shot Blocked by Dylan Blujus.
2:11 of 1st period - Snap shot by Brock Trotter.
2:11 of 1st period - Shot Misses the Net.
2:13 of 1st period - Snap shot by T.J. Tynan.
2:13 of 1st period - Shot Misses the Net.
2:15 of 1st period - Snap shot by T.J. Tynan.
2:15 of 1st period - Deflect By Brock Trotter.
2:15 of 1st period - Shot Misses the Net.
2:15 of 1st period - Puck is out of play.
2:16 of 1st period - Zemgus Girgensons wins face-off versus Devin Shore in Senators zone.
2:27 of 1st period - Wrist shot by Matt Halischuk.
2:27 of 1st period - Shot Blocked by Scott Harrington.
2:29 of 1st period - Snap shot by Brett Kulak.
2:29 of 1st period - Stopped by Justin Peters with a rebound.
2:31 of 1st period - Snap shot by Matt Halischuk.
2:31 of 1st period - Shot Misses the Net.
2:41 of 1st period - Brett Kulak is hit by Jan Mursak and loses puck.
3:12 of 1st period - Snap shot by Quinton Howden.
3:12 of 1st period - Stopped by Justin Peters with a rebound.
3:14 of 1st period - Slapshot by Patrick Wey.
3:14 of 1st period - Shot Misses the Net.
3:16 of 1st period - Snap shot by Teemu Hartikainen.
3:16 of 1st period - Stopped by Justin Peters with a rebound.
4:13 of 1st period - Matt Halischuk is hit by Brett Bulmer and loses puck.
4:36 of 1st period - Minor Penalty to Matt Frattin for Holding Stick.
4:37 of 1st period - Devin Shore wins face-off versus Nick Foligno in Senators zone.
6:36 of 1st period - Penalty to Matt Frattin is over, Matt Frattin is back on ice.
7:04 of 1st period - Patrick Maroon is hit by Brock Trotter and loses puck.
7:25 of 1st period - Snap shot by Nick Foligno.
7:25 of 1st period - Shot Misses the Net.
7:41 of 1st period - Wrist shot by Andy Andreoff.
7:41 of 1st period - Shot Misses the Net.
8:04 of 1st period - Matt Halischuk is hit by Zemgus Girgensons.
8:19 of 1st period - Patrick Maroon is hit by Brett Kulak and loses puck.
8:40 of 1st period - Snap shot by Grant Besse.
8:40 of 1st period - Stopped by Joonas Korpisalo with a rebound.
8:42 of 1st period - Snap shot by Jake Evans.
8:42 of 1st period - Deflect By Grant Besse.
8:42 of 1st period - Shot Blocked by Boone Jenner.
8:42 of 1st period - Puck is out of play.
8:43 of 1st period - Zemgus Girgensons wins face-off versus Boone Jenner in Sasquatch zone.
9:14 of 1st period - Slapshot by Tomas Jurco.
9:14 of 1st period - Shot Misses the Net.
10:44 of 1st period - Major / Game Misconduct Penalty to Boone Jenner for Spearing.
10:44 of 1st period - Boone Jenner is ejected from game.
10:45 of 1st period - Quinton Howden wins face-off versus Zemgus Girgensons in Sasquatch zone.
10:45 of 1st period - Quinton Howden is hit by Nick Foligno.
11:42 of 1st period - Backhand shot by Nick Foligno.
11:42 of 1st period - Stopped by Joonas Korpisalo with a rebound.
11:56 of 1st period - Brett Kulak is hit by Dylan Blujus and loses puck.
13:13 of 1st period - Martin Marincin is hit by Keegan Lowe and loses puck.
13:52 of 1st period - Dmitri Orlov is hit by Mason Geertsen and loses puck.
14:57 of 1st period - Keegan Lowe is hit by Jujhar Khaira.
15:44 of 1st period - Penalty to Boone Jenner is over, Jerry D'Amigo is send on ice.
17:25 of 1st period - Dmitri Orlov is hit by Jan Mursak and loses puck.
18:48 of 1st period - Ryan Dzingel is hit by Scott Harrington.
19:08 of 1st period - Dmitri Orlov is hit by Jake Evans and loses puck.
Goals for this period are 0 for Senators vs 0 for Sasquatch.
Shots for this period are 2 for Senators vs 4 for Sasquatch.

2nd period


0:01 of 2nd period - Devin Shore wins face-off versus Zemgus Girgensons in neutral zone.
0:12 of 2nd period - Snap shot by Jujhar Khaira.
0:12 of 2nd period - Stopped by Justin Peters without a rebound.
0:13 of 2nd period - Zemgus Girgensons wins face-off versus Devin Shore in Senators zone.
0:13 of 2nd period - Zemgus Girgensons is hit by Matt Halischuk.
0:21 of 2nd period - Snap shot by Nick Foligno.
0:21 of 2nd period - Shot Misses the Net.
0:27 of 2nd period - Snap shot by Nick Foligno.
0:27 of 2nd period - Shot Blocked by Jujhar Khaira.
0:29 of 2nd period - Slapshot by Scott Harrington.
0:29 of 2nd period - Deflect By Nick Foligno.
0:29 of 2nd period - Shot Blocked by Matt Halischuk.
0:29 of 2nd period - Puck is out of play.
0:30 of 2nd period - Devin Shore wins face-off versus Chandler Stephenson in Sasquatch zone.
0:35 of 2nd period - Slapshot by Tomas Jurco.
0:35 of 2nd period - Shot Blocked by Ian Cole.
0:37 of 2nd period - Wrist shot by Chandler Stephenson.
0:37 of 2nd period - Goal by Chandler Stephenson - Senators : 1 - Sasquatch : 0.
0:38 of 2nd period - Devin Shore wins face-off versus Zemgus Girgensons in neutral zone.
0:51 of 2nd period - Snap shot by Jujhar Khaira.
0:51 of 2nd period - Shot Blocked by Jack Dougherty.
1:10 of 2nd period - Wrist shot by Chandler Stephenson.
1:10 of 2nd period - Stopped by Joonas Korpisalo with a rebound.
1:12 of 2nd period - Slapshot by Chandler Stephenson.
1:12 of 2nd period - Stopped by Joonas Korpisalo with a rebound.
1:26 of 2nd period - Andy Andreoff is hit by Ian Cole and loses puck.
1:49 of 2nd period - Slapshot by Dylan Blujus.
1:49 of 2nd period - Stopped by Joonas Korpisalo with a rebound.
2:11 of 2nd period - Wrist shot by Tomas Jurco.
2:11 of 2nd period - Shot Blocked by Ryan Dzingel.
2:13 of 2nd period - Slapshot by Dylan Blujus.
2:13 of 2nd period - Shot Misses the Net.
2:20 of 2nd period - Icing by Brett Pesce.
2:21 of 2nd period - Ryan Dzingel wins face-off versus Blake Coleman in Sasquatch zone.
2:32 of 2nd period - Snap shot by Teemu Hartikainen.
2:32 of 2nd period - Shot Blocked by Scott Harrington.
2:39 of 2nd period - Icing by Jack Dougherty.
2:40 of 2nd period - Blake Coleman wins face-off versus Devin Shore in Senators zone.
3:24 of 2nd period - Slapshot by Zemgus Girgensons.
3:24 of 2nd period - Shot Misses the Net.
3:28 of 2nd period - Snap shot by Jan Mursak.
3:28 of 2nd period - Shot Misses the Net.
3:30 of 2nd period - Snap shot by Jack Dougherty.
3:30 of 2nd period - Shot Blocked by Brett Kulak.
3:32 of 2nd period - Backhand shot by Jack Dougherty.
3:32 of 2nd period - Stopped by Joonas Korpisalo without a rebound.
3:33 of 2nd period - Chandler Stephenson wins face-off versus Devin Shore in Sasquatch zone.
3:38 of 2nd period - Snap shot by Tomas Jurco.
3:38 of 2nd period - Shot Blocked by Matt Halischuk.
3:40 of 2nd period - Minor Penalty to Devin Shore for Roughing.
3:41 of 2nd period - Quinton Howden wins face-off versus Zemgus Girgensons in Sasquatch zone.
4:15 of 2nd period - Snap shot by Dylan Blujus.
4:15 of 2nd period - Stopped by Joonas Korpisalo without a rebound.
4:16 of 2nd period - Zemgus Girgensons wins face-off versus Jerry D'Amigo in Sasquatch zone.
4:23 of 2nd period - Wrist shot by Matt Frattin.
4:23 of 2nd period - Deflect By Nick Foligno.
4:23 of 2nd period - Shot Misses the Net.
4:23 of 2nd period - Puck is out of play.
4:24 of 2nd period - Quinton Howden wins face-off versus Zemgus Girgensons in Sasquatch zone.
4:52 of 2nd period - Wrist shot by Teemu Hartikainen.
4:52 of 2nd period - Shot Misses the Net.
5:08 of 2nd period - Snap shot by Nick Foligno.
5:08 of 2nd period - Goal by Nick Foligno - Senators : 2 - Sasquatch : 0.
5:09 of 2nd period - Devin Shore wins face-off versus Chandler Stephenson in neutral zone.
6:05 of 2nd period - Minor Penalty to Teemu Hartikainen for Tripping.
6:06 of 2nd period - Zemgus Girgensons wins face-off versus Jujhar Khaira in Sasquatch zone.
6:07 of 2nd period - Snap shot by Nick Foligno.
6:07 of 2nd period - Deflect By Zemgus Girgensons.
6:07 of 2nd period - Shot Misses the Net.
6:07 of 2nd period - Puck is out of play.
6:08 of 2nd period - Quinton Howden wins face-off versus Zemgus Girgensons in Sasquatch zone.
6:33 of 2nd period - Jan Mursak is hit by Petr Straka and loses puck.
6:42 of 2nd period - Slapshot by Keegan Lowe.
6:42 of 2nd period - Goal by Keegan Lowe - Senators : 3 - Sasquatch : 0.
6:43 of 2nd period - Zemgus Girgensons wins face-off versus Devin Shore in neutral zone.
6:48 of 2nd period - Matt Halischuk is hit by Zemgus Girgensons and loses puck.
6:50 of 2nd period - Minor Penalty to Matt Halischuk for Holding.
6:51 of 2nd period - Quinton Howden wins face-off versus Zemgus Girgensons in Sasquatch zone.
7:02 of 2nd period - Wrist shot by Dylan Blujus.
7:02 of 2nd period - Shot Blocked by Patrick Wey.
8:24 of 2nd period - Keegan Lowe is hit by Teemu Hartikainen and loses puck.
8:50 of 2nd period - Penalty to Matt Halischuk is over, Matt Halischuk is back on ice.
8:52 of 2nd period - Off-side.
8:53 of 2nd period - T.J. Tynan wins face-off versus Jake Evans in neutral zone.
8:56 of 2nd period - Snap shot by Dmitri Orlov.
8:56 of 2nd period - Deflect By Mason Geertsen.
8:56 of 2nd period - Stopped by Justin Peters with a rebound.
8:58 of 2nd period - Slapshot by Dmitri Orlov.
8:58 of 2nd period - Deflect By Brock Trotter.
8:58 of 2nd period - Shot Misses the Net.
8:58 of 2nd period - Puck is out of play.
8:59 of 2nd period - Brock Trotter wins face-off versus Jake Evans in Senators zone.
9:02 of 2nd period - Slapshot by Brock Trotter.
9:02 of 2nd period - Stopped by Justin Peters without a rebound.
9:03 of 2nd period - Zemgus Girgensons wins face-off versus T.J. Tynan in Senators zone.
9:27 of 2nd period - Brock Trotter is hit by Jan Mursak and loses puck.
9:32 of 2nd period - Snap shot by Devin Shore.
9:32 of 2nd period - Shot Blocked by Chandler Stephenson.
9:34 of 2nd period - Snap shot by Dmitri Orlov.
9:34 of 2nd period - Stopped by Justin Peters with a rebound.
9:36 of 2nd period - Snap shot by Matt Halischuk.
9:36 of 2nd period - Shot Hit the Post.
9:38 of 2nd period - Snap shot by Devin Shore.
9:38 of 2nd period - Shot Blocked by Keegan Lowe.
9:40 of 2nd period - Snap shot by Jujhar Khaira.
9:40 of 2nd period - Goal by Jujhar Khaira - Senators : 3 - Sasquatch : 1.
9:41 of 2nd period - Zemgus Girgensons wins face-off versus Devin Shore in neutral zone.
10:08 of 2nd period - Jan Mursak is hit by Devin Shore and loses puck.
10:34 of 2nd period - Brett Pesce is hit by Jack Dougherty and loses puck.
10:47 of 2nd period - Slapshot by Teemu Hartikainen.
10:47 of 2nd period - Stopped by Justin Peters with a rebound.
10:49 of 2nd period - Slapshot by Brett Pesce.
10:49 of 2nd period - Shot Blocked by Mason Geertsen.
11:16 of 2nd period - Zemgus Girgensons is hit by Devin Shore and loses puck.
11:46 of 2nd period - Off-side.
11:47 of 2nd period - Quinton Howden wins face-off versus Jake Evans in neutral zone.
11:54 of 2nd period - Wrist shot by Ryan Dzingel.
11:54 of 2nd period - Shot Blocked by Grant Besse.
11:56 of 2nd period - Backhand shot by Ian Cole.
11:56 of 2nd period - Stopped by Justin Peters without a rebound.
11:57 of 2nd period - Nick Foligno wins face-off versus Devin Shore in Senators zone.
12:02 of 2nd period - Slapshot by Ryan Dzingel.
12:02 of 2nd period - Stopped by Justin Peters with a rebound.
12:04 of 2nd period - Snap shot by Ian Cole.
12:04 of 2nd period - Shot Blocked by Keegan Lowe.
12:06 of 2nd period - Snap shot by Devin Shore.
12:06 of 2nd period - Stopped by Justin Peters without a rebound.
12:07 of 2nd period - Ryan Dzingel wins face-off versus Zemgus Girgensons in Senators zone.
12:08 of 2nd period - Slapshot by Petr Straka.
12:08 of 2nd period - Shot Blocked by Dylan Blujus.
12:10 of 2nd period - Snap shot by Ryan Dzingel.
12:10 of 2nd period - Goal by Ryan Dzingel - Senators : 3 - Sasquatch : 2.
12:11 of 2nd period - Zemgus Girgensons wins face-off versus Devin Shore in neutral zone.
12:14 of 2nd period - Patrick Wey is hit by Zemgus Girgensons and loses puck.
13:08 of 2nd period - Icing by Dylan Blujus.
13:09 of 2nd period - Devin Shore wins face-off versus Jake Evans in Senators zone.
13:10 of 2nd period - Wrist shot by Ryan Dzingel.
13:10 of 2nd period - Deflect By Petr Straka.
13:10 of 2nd period - Stopped by Justin Peters with a rebound.
13:12 of 2nd period - Slapshot by Patrick Wey.
13:12 of 2nd period - Deflect By Petr Straka.
13:12 of 2nd period - Shot Misses the Net.
13:12 of 2nd period - Puck is out of play.
13:13 of 2nd period - Devin Shore wins face-off versus Zemgus Girgensons in Senators zone.
13:14 of 2nd period - Snap shot by Petr Straka.
13:14 of 2nd period - Stopped by Justin Peters without a rebound.
13:15 of 2nd period - Zemgus Girgensons wins face-off versus Devin Shore in Senators zone.
13:41 of 2nd period - Minor Penalty to Jan Mursak for Holding Stick.
13:42 of 2nd period - Devin Shore wins face-off versus Nick Foligno in Senators zone.
14:26 of 2nd period - Slapshot by Zemgus Girgensons.
14:26 of 2nd period - Shot Blocked by Patrick Wey.
15:41 of 2nd period - Penalty to Jan Mursak is over, Jan Mursak is back on ice.
15:45 of 2nd period - Icing by Jan Mursak.
15:46 of 2nd period - T.J. Tynan wins face-off versus Chandler Stephenson in Senators zone.
15:53 of 2nd period - Wrist shot by T.J. Tynan.
15:53 of 2nd period - Stopped by Justin Peters with a rebound.
16:15 of 2nd period - Wrist shot by Brett Bulmer.
16:15 of 2nd period - Deflect By Blake Coleman.
16:15 of 2nd period - Shot Blocked by Brett Pesce.
16:15 of 2nd period - Puck is out of play.
16:16 of 2nd period - Quinton Howden wins face-off versus Zemgus Girgensons in Sasquatch zone.
16:16 of 2nd period - Quinton Howden is hit by Dylan Blujus.
16:30 of 2nd period - Snap shot by Nick Foligno.
16:30 of 2nd period - Stopped by Joonas Korpisalo with a rebound.
16:32 of 2nd period - Slapshot by Keegan Lowe.
16:32 of 2nd period - Shot Hit the Post.
16:39 of 2nd period - Icing by Patrick Wey.
16:40 of 2nd period - Devin Shore wins face-off versus Chandler Stephenson in Sasquatch zone.
16:40 of 2nd period - Devin Shore is hit by Jack Dougherty.
16:47 of 2nd period - Off-side.
16:48 of 2nd period - Devin Shore wins face-off versus Zemgus Girgensons in neutral zone.
16:55 of 2nd period - Snap shot by Matt Frattin.
16:55 of 2nd period - Shot Misses the Net.
16:57 of 2nd period - Snap shot by Jack Dougherty.
16:57 of 2nd period - Stopped by Joonas Korpisalo without a rebound.
16:58 of 2nd period - Devin Shore wins face-off versus Zemgus Girgensons in Sasquatch zone.
17:04 of 2nd period - Off-side.
17:05 of 2nd period - Devin Shore wins face-off versus Matt Frattin in neutral zone.
17:05 of 2nd period - Ian Cole is hit by Nick Foligno and loses puck.
17:12 of 2nd period - Snap shot by Nick Foligno.
17:12 of 2nd period - Goal by Nick Foligno - Senators : 4 - Sasquatch : 2.
17:12 of 2nd period - Corey Crawford enters game.
17:13 of 2nd period - Devin Shore wins face-off versus Zemgus Girgensons in neutral zone.
17:39 of 2nd period - Slapshot by Petr Straka.
17:39 of 2nd period - Shot Blocked by Tomas Jurco.
17:41 of 2nd period - Slapshot by Devin Shore.
17:41 of 2nd period - Shot Misses the Net.
17:43 of 2nd period - Snap shot by Petr Straka.
17:43 of 2nd period - Stopped by Justin Peters without a rebound.
17:44 of 2nd period - Chandler Stephenson wins face-off versus Devin Shore in Senators zone.
18:11 of 2nd period - Martin Marincin is hit by Chandler Stephenson and loses puck.
18:28 of 2nd period - Teemu Hartikainen is hit by Jack Dougherty and loses puck.
18:35 of 2nd period - Slapshot by Quinton Howden.
18:35 of 2nd period - Stopped by Justin Peters with a rebound.
19:16 of 2nd period - Off-side.
19:17 of 2nd period - Teemu Hartikainen wins face-off versus Zemgus Girgensons in neutral zone.
Goals for this period are 4 for Senators vs 2 for Sasquatch.
Shots for this period are 11 for Senators vs 15 for Sasquatch.

3rd period


0:01 of 3rd period - Devin Shore wins face-off versus Zemgus Girgensons in neutral zone.
0:10 of 3rd period - Wrist shot by Matt Halischuk.
0:10 of 3rd period - Shot Blocked by Zemgus Girgensons.
0:12 of 3rd period - Wrist shot by Jujhar Khaira.
0:12 of 3rd period - Stopped by Justin Peters without a rebound.
0:13 of 3rd period - Zemgus Girgensons wins face-off versus Devin Shore in Senators zone.
0:38 of 3rd period - Dylan Blujus is hit by Devin Shore and loses puck.
1:20 of 3rd period - Snap shot by Jack Dougherty.
1:20 of 3rd period - Stopped by Corey Crawford without a rebound.
1:21 of 3rd period - Zemgus Girgensons wins face-off versus Devin Shore in Sasquatch zone.
1:30 of 3rd period - Backhand shot by Nick Foligno.
1:30 of 3rd period - Stopped by Corey Crawford with a rebound.
1:34 of 3rd period - Snap shot by Nick Foligno.
1:34 of 3rd period - Stopped by Corey Crawford without a rebound.
1:35 of 3rd period - Devin Shore wins face-off versus Zemgus Girgensons in Sasquatch zone.
2:10 of 3rd period - Icing by Jake Evans.
2:11 of 3rd period - Quinton Howden wins face-off versus Jake Evans in Senators zone.
2:24 of 3rd period - Snap shot by Jake Evans.
2:24 of 3rd period - Stopped by Corey Crawford with a rebound.
2:26 of 3rd period - Wrist shot by Keegan Lowe.
2:26 of 3rd period - Shot Misses the Net.
2:55 of 3rd period - Minor Penalty to Hudson Fasching for Hooking.
2:56 of 3rd period - Zemgus Girgensons wins face-off versus Quinton Howden in Sasquatch zone.
2:57 of 3rd period - Slapshot by Nick Foligno.
2:57 of 3rd period - Stopped by Corey Crawford without a rebound.
2:58 of 3rd period - Quinton Howden wins face-off versus Zemgus Girgensons in Sasquatch zone.
3:38 of 3rd period - Jan Mursak is hit by Ian Cole and loses puck.
4:08 of 3rd period - Wrist shot by Tomas Jurco.
4:08 of 3rd period - Goal by Tomas Jurco - Senators : 5 - Sasquatch : 2.
4:09 of 3rd period - Ryan Dzingel wins face-off versus Zemgus Girgensons in neutral zone.
4:21 of 3rd period - Snap shot by Matt Frattin.
4:21 of 3rd period - Shot Blocked by Ian Cole.
4:23 of 3rd period - Wrist shot by Dylan Blujus.
4:23 of 3rd period - Stopped by Corey Crawford without a rebound.
4:23 of 3rd period - Minor Penalty to Corey Crawford for Slashing.
4:24 of 3rd period - Quinton Howden wins face-off versus Zemgus Girgensons in Sasquatch zone.
4:49 of 3rd period - Dylan Blujus is hit by Patrick Wey and loses puck.
5:00 of 3rd period - Snap shot by Zemgus Girgensons.
5:00 of 3rd period - Stopped by Corey Crawford with a rebound.
5:02 of 3rd period - Wrist shot by Nick Foligno.
5:02 of 3rd period - Shot Blocked by Martin Marincin.
5:10 of 3rd period - Slapshot by Matt Frattin.
5:10 of 3rd period - Stopped by Corey Crawford with a rebound.
5:12 of 3rd period - Slapshot by Jack Dougherty.
5:12 of 3rd period - Shot Misses the Net.
5:14 of 3rd period - Snap shot by Nick Foligno.
5:14 of 3rd period - Shot Misses the Net.
5:16 of 3rd period - Slapshot by Matt Frattin.
5:16 of 3rd period - Shot Misses the Net.
5:34 of 3rd period - Quinton Howden is hit by Zemgus Girgensons and loses puck.
5:45 of 3rd period - Ian Cole is hit by Zemgus Girgensons and loses puck.
5:56 of 3rd period - Snap shot by Matt Frattin.
5:56 of 3rd period - Shot Misses the Net.
5:58 of 3rd period - Slapshot by Keegan Lowe.
5:58 of 3rd period - Stopped by Corey Crawford without a rebound.
5:59 of 3rd period - Chandler Stephenson wins face-off versus Quinton Howden in Sasquatch zone.
6:06 of 3rd period - Snap shot by Tomas Jurco.
6:06 of 3rd period - Stopped by Corey Crawford without a rebound.
6:07 of 3rd period - Chandler Stephenson wins face-off versus Quinton Howden in Sasquatch zone.
6:08 of 3rd period - Snap shot by Jan Mursak.
6:08 of 3rd period - Shot Misses the Net.
6:10 of 3rd period - Slapshot by Dylan Blujus.
6:10 of 3rd period - Shot Blocked by Ian Cole.
6:12 of 3rd period - Wrist shot by Chandler Stephenson.
6:12 of 3rd period - Deflect By Tomas Jurco.
6:12 of 3rd period - Shot Misses the Net.
6:12 of 3rd period - Puck is out of play.
6:13 of 3rd period - Quinton Howden wins face-off versus Chandler Stephenson in Sasquatch zone.
6:22 of 3rd period - Slapshot by Tomas Jurco.
6:22 of 3rd period - Goal by Tomas Jurco - Senators : 6 - Sasquatch : 2.
6:23 of 3rd period - Chandler Stephenson wins face-off versus Devin Shore in neutral zone.
6:36 of 3rd period - Snap shot by Tomas Jurco.
6:36 of 3rd period - Goal by Tomas Jurco - Senators : 7 - Sasquatch : 2.
6:37 of 3rd period - Zemgus Girgensons wins face-off versus Devin Shore in neutral zone.
6:50 of 3rd period - Wrist shot by Matt Frattin.
6:50 of 3rd period - Shot Blocked by Devin Shore.
6:52 of 3rd period - Minor Penalty to Matt Halischuk for Hooking.
6:53 of 3rd period - Quinton Howden wins face-off versus Zemgus Girgensons in Sasquatch zone.
7:55 of 3rd period - Teemu Hartikainen is hit by Jan Mursak and loses puck.
8:06 of 3rd period - Wrist shot by Jerry D'Amigo.
8:06 of 3rd period - Shot Misses the Net.
8:52 of 3rd period - Penalty to Matt Halischuk is over, Matt Halischuk is back on ice.
8:56 of 3rd period - Scott Harrington is hit by Devin Shore and loses puck.
9:15 of 3rd period - Scott Harrington is hit by Devin Shore and loses puck.
9:32 of 3rd period - Snap shot by Brett Bulmer.
9:32 of 3rd period - Stopped by Corey Crawford without a rebound.
9:33 of 3rd period - T.J. Tynan wins face-off versus Blake Coleman in Sasquatch zone.
9:42 of 3rd period - Snap shot by Jerry D'Amigo.
9:42 of 3rd period - Stopped by Justin Peters with a rebound.
10:08 of 3rd period - Off-side.
10:09 of 3rd period - Quinton Howden wins face-off versus Zemgus Girgensons in neutral zone.
10:18 of 3rd period - Wrist shot by Teemu Hartikainen.
10:18 of 3rd period - Stopped by Justin Peters with a rebound.
10:38 of 3rd period - Martin Marincin is hit by Tomas Jurco.
10:46 of 3rd period - Wrist shot by Jan Mursak.
10:46 of 3rd period - Shot Blocked by Martin Marincin.
11:04 of 3rd period - Andy Andreoff is hit by Martin Marincin and loses puck.
11:42 of 3rd period - Wrist shot by Jack Dougherty.
11:42 of 3rd period - Shot Misses the Net.
11:52 of 3rd period - Minor Penalty to Matt Halischuk for Interference.
11:53 of 3rd period - Zemgus Girgensons wins face-off versus Quinton Howden in Sasquatch zone.
13:29 of 3rd period - Teemu Hartikainen is hit by Scott Harrington and loses puck.
13:52 of 3rd period - Penalty to Matt Halischuk is over, Matt Halischuk is back on ice.
14:10 of 3rd period - Wrist shot by Petr Straka.
14:10 of 3rd period - Stopped by Justin Peters without a rebound.
14:11 of 3rd period - Blake Coleman wins face-off versus Devin Shore in Senators zone.
14:44 of 3rd period - Snap shot by Jake Evans.
14:44 of 3rd period - Shot Misses the Net.
15:14 of 3rd period - Icing by Jujhar Khaira.
15:15 of 3rd period - Chandler Stephenson wins face-off versus T.J. Tynan in Sasquatch zone.
15:16 of 3rd period - Snap shot by Tomas Jurco.
15:16 of 3rd period - Stopped by Corey Crawford with a rebound.
15:23 of 3rd period - Minor Penalty to Brock Trotter for Cross-checking.
15:24 of 3rd period - Zemgus Girgensons wins face-off versus Quinton Howden in Sasquatch zone.
15:37 of 3rd period - Slapshot by Keegan Lowe.
15:37 of 3rd period - Stopped by Corey Crawford without a rebound.
15:38 of 3rd period - Quinton Howden wins face-off versus Zemgus Girgensons in Sasquatch zone.
15:47 of 3rd period - Snap shot by Nick Foligno.
15:47 of 3rd period - Shot Misses the Net.
16:15 of 3rd period - Slapshot by Jan Mursak.
16:15 of 3rd period - Shot Misses the Net.
16:17 of 3rd period - Slapshot by Jack Dougherty.
16:17 of 3rd period - Senators goal is going for a video replay.
16:17 of 3rd period - The goal is good.
16:17 of 3rd period - Goal by Jack Dougherty - Senators : 8 - Sasquatch : 2.
16:18 of 3rd period - Devin Shore wins face-off versus Zemgus Girgensons in neutral zone.
16:29 of 3rd period - Slapshot by Devin Shore.
16:29 of 3rd period - Stopped by Justin Peters with a rebound.
16:43 of 3rd period - Patrick Wey is hit by Tomas Jurco and loses puck.
17:24 of 3rd period - Slapshot by Martin Marincin.
17:24 of 3rd period - Shot Blocked by Nick Foligno.
18:25 of 3rd period - Icing by Patrick Wey.
18:26 of 3rd period - Quinton Howden wins face-off versus Zemgus Girgensons in Sasquatch zone.
18:26 of 3rd period - Ian Cole is hit by Nick Foligno and loses puck.
18:39 of 3rd period - Snap shot by Teemu Hartikainen.
18:39 of 3rd period - Shot Misses the Net.
18:57 of 3rd period - Slapshot by Patrick Wey.
18:57 of 3rd period - Shot Blocked by Keegan Lowe.
18:59 of 3rd period - Wrist shot by Jujhar Khaira.
18:59 of 3rd period - Shot Blocked by Jan Mursak.
19:01 of 3rd period - Wrist shot by Jujhar Khaira.
19:01 of 3rd period - Shot Blocked by Keegan Lowe.
19:11 of 3rd period - Dmitri Orlov is hit by Andy Andreoff and loses puck.
19:38 of 3rd period - Snap shot by Patrick Maroon.
19:38 of 3rd period - Shot Misses the Net.
19:40 of 3rd period - Backhand shot by Dylan Blujus.
19:40 of 3rd period - Stopped by Corey Crawford with a rebound.
19:46 of 3rd period - Minor Penalty to Brett Kulak for Holding.
19:47 of 3rd period - Zemgus Girgensons wins face-off versus Quinton Howden in Sasquatch zone.
Goals for this period are 4 for Senators vs 0 for Sasquatch.
Shots for this period are 18 for Senators vs 5 for Sasquatch.